 Dungeon Crawl Stone Soup version 0.31-a0-1540-g5a0b83f448 (webtiles) character file.

Game seed: 8785519460214818172

679 pokeman the Magician (level 7, -7/40 HPs)
             Began as a Deep Elf Hedge Wizard on Jan 2, 2024.
             Killed by nerve-wracking pain
             ... invoked by Grinder
              (12 damage)
             ... on level 3 of the Dungeon.
             The game lasted 00:14:14 (5204 turns).

pokeman the Magician (Deep Elf Hedge Wizard)        Turns: 5204, Time: 00:14:15

Health: -7/40      AC:  5    Str:  7    XL:     7   Next: 34%
Magic:  18/20      EV: 12    Int: 21    God:
Gold:   185        SH:  0    Dex: 14    Spells: 13/21 levels left

rFire   . . .        c - +1 mace of the Mouth {spect, SInv}
rCold   + . .        (no shield)
rNeg    . . .        v - +1 leather armour {rC+}
rPois   .            t - +0 helmet
rElec   .            (no cloak)
rCorr   .            (no gloves)
SInv    +            (no boots)
Will    .....        (no amulet)
Stlth   ++           a - ring of see invisible
HPRegen 0.26/turn    (no ring)
MPRegen 0.17/turn

%: no passive effects
@: no status effects
A: no striking features
a: no special abilities


You were on level 3 of the Dungeon.
You visited 1 branch of the dungeon, and saw 6 of its levels.

You collected 185 gold pieces.

Inventory:

Hand Weapons
 c - the +1 mace of the Mouth (weapon) {spect, SInv}
   (You found it on level 4 of the Dungeon)

   SInv:      It lets you see invisible.
Armour
 t - a +0 helmet (worn)
 u - a +1 robe of willpower
 v - a +1 leather armour of cold resistance (worn)
Magical Staves
 k - a staff of earth
 m - a staff of conjuration
Jewellery
 a - a ring of see invisible (left hand)
 p - an amulet of faith
Wands
 o - a wand of flame (12)
Scrolls
 e - a scroll of fear {unknown}
 l - a scroll of poison {unknown}
 n - a scroll of revelation {unknown}
 q - a scroll of amnesia {unknown}
 r - a scroll of fog {unknown}
 s - 3 scrolls of identify {unknown}
Potions
 b - a potion of degeneration {unknown}
 d - 3 potions of magic
 f - a potion of berserk rage {unknown}
 g - a potion of haste {unknown}
 h - 2 potions of curing {unknown}
 i - a potion of ambrosia {unknown}
 j - a potion of lignification {unknown}


   Skills:
 + Level 2.1 Fighting
 - Level 1.0 Armour
 - Level 3.0 Dodging
 - Level 3.0 Stealth
 * Level 7.9 Spellcasting
 + Level 3.8 Conjurations
 - Level 1.1 Summonings
 - Level 1.1 Translocations
 - Level 1.0 Air Magic
 + Level 2.5 Earth Magic
 - Level 1.0 Alchemy
 - Level 1.2 Evocations


You had 13 spell levels left.
You knew the following spells:

 Your Spells              Type           Power      Damage    Failure   Level
a - Magic Dart            Conj           96%        1d7       2%          1
b - Mephitic Cloud        Conj/Alch/Air  16%        N/A       16%         3
c - Call Imp              Summ           24%        N/A       12%         2
d - Blink                 Tloc           24%        N/A       12%         2

Your spell library contained the following spells:

 Spells                   Type           Power      Damage    Failure   Level
 Momentum Strike          Conj/Tloc      36%        3d9       6%          2
 Necrotise                Necr           32%        1d5       12%         1
 Slow                     Hex            32%        N/A       12%         1
 Lesser Beckoning         Tloc           24%        N/A       12%         2
 Cigotuvi's Dreadful Rot  Necr/Alch/Air  22%        N/A       13%         2
 Vampiric Draining        Necr           8%         2d6       34%         3
 Martyr's Knell           Necr/Summ      10%        N/A       67%         4
 Summon Blazeheart Golem  Fire/Summ      10%        N/A       67%         4
 Curse of Agony           Necr           8%         N/A       97%         5
 Orb of Destruction       Conj           12%        9d7       100%        7
 Spellforged Servitor     Conj/Summ      9%         N/A       100%        7


Dungeon Overview and Level Annotations

Branches:
Dungeon (6/15)
 Temple: D:4-7

Altars:
Cheibriados
Uskayaw
Zin

Shops:
D:4 *

Annotations:
D:3 Grinder


Message History

Your +1 mace of the Mouth {spect, SInv} hits Grinder.
Your cerulean imp misses Grinder.
Grinder gestures at you. Pain shoots through your body!
Your cerulean imp hits Grinder with a -3 spear.
Grinder blinks!
Unknown command.
Casting: Call Imp (safe; 12% risk of failure)
Confirm with . or Enter, or press ? or * to list all spells.
Aiming: Magic Dart (safe; 2% risk of failure)
Press: ? - help, Shift-Dir - straight line, f - Grinder
Aim: Grinder (heavily wounded, ally target, 100% to hit)
The magic dart hits Grinder.
Grinder is heavily wounded.
Your +1 mace of the Mouth {spect, SInv} disappears.
Unknown command.
You closely miss Grinder.
Grinder is heavily wounded.
Your +1 mace of the Mouth {spect, SInv} hits Grinder.
Your cerulean imp barely misses Grinder.
Grinder completely misses your +1 mace of the Mouth {spect, SInv}.
Unknown command.
Unknown command.
You hit Grinder.
Grinder is severely wounded.
Your +1 mace of the Mouth {spect, SInv} hits Grinder.
Your cerulean imp hits Grinder with a -3 spear.
Grinder hits you!
* * * LOW HITPOINT WARNING * * *
You writhe in agony.
* * * LOW HITPOINT WARNING * * *
Your cerulean imp hits Grinder but does no damage.
Unknown command.
You closely miss Grinder.
Grinder is almost dead.
Your +1 mace of the Mouth {spect, SInv} hits Grinder.
Grinder gestures at you. Pain shoots through your body!
You die...
Grinder says, "Hey, I wasn't done torturing you yet!"

.#.###.#5##.# #...# #.#
..#.##.#....######...# #.#
.###.............#...# #.#
#.#.##.###..######...# #.# ##
#..###.# #..######...# #.## #.
#.## #.# #..#...##)..# #..# #.
#.# #.###.......#)''# ##.# #. #.#
#..##....5(.....# #.# #. #.#
##.##.....5@##### #.# #.
#.#####.##..#.).## ### ##.#####.
...............## ##.###........
#.##.##..#..#..# ##...##..####..
#.##.##..#..#..# ##.....#..# #..
#...........#..###.........####..
####.##.........###....####...###
#.##.#####.#.# ##...#≈≈≈~~~≈≈#
#.##.# #.#.# ##.#####...###


You could see Grinder (ally target), a friendly +1 mace of the Mouth {spect,
SInv} and a friendly cerulean imp (summoned).

Vanquished Creatures
  Duvessa (D:4)
  A black bear (D:4)
  An ogre (D:4)
  A scorpion (D:6)
  Dowan (D:4)
  A jelly (D:4)
  A bombardier beetle (D:4)
  2 hounds (D:4)
  An iguana (D:4)
  Robin (D:4)
  3 adders
  2 dart slugs
  2 ribbon worms
  8 orcs (D:3)
  10 ball pythons
  8 endoplasms
  2 giant cockroaches
  12 goblins
  9 hobgoblins
  2 jackals (D:2)
  4 quokkas
  8 bats
  7 frilled lizards
  10 kobolds
  2 rats
100 creatures vanquished.

Notes
Turn   | Place    | Note
-------+----------+-------------------------------------------
     0 | D:1      | pokeman the Deep Elf Hedge Wizard began the quest for the
                  | Orb.
     0 | D:1      | Reached XP level 1. HP: 10/10 MP: 7/7
   305 | D:1      | Reached XP level 2. HP: 16/16 MP: 5/9
  1000 | D:1      | Reached skill level 5 in Spellcasting
  1412 | D:2      | Reached XP level 3. HP: 17/20 MP: 6/11
  1416 | D:2      | Learned a level 3 spell: Mephitic Cloud
  1419 | D:2      | Learned a level 2 spell: Call Imp
  1422 | D:2      | Learned a level 2 spell: Blink
  1536 | D:2      | Reached skill level 1 in Fighting
  1565 | D:2      | Reached skill level 1 in Armour
  1888 | D:2      | Reached XP level 4. HP: 25/25 MP: 7/13
  2479 | D:3      | Noticed Grinder
  3348 | D:3      | Paralysed by Grinder for 2 turns
  3368 | D:4      | Reached skill level 6 in Spellcasting
  3368 | D:4      | Reached XP level 5. HP: 29/29 MP: 6/15
  3561 | D:4      | Found a snail-covered altar of Cheibriados.
  3571 | D:4      | Noticed a black bear
  3585 | D:4      | Killed a black bear
  3586 | D:4      | Reached skill level 1 in Evocations
  3592 | D:4      | Reached skill level 1 in Air Magic
  3592 | D:4      | Reached skill level 1 in Earth Magic
  3592 | D:4      | Reached skill level 1 in Alchemy
  3592 | D:4      | Reached XP level 6. HP: 15/34 MP: 5/17
  3712 | D:4      | Noticed Duvessa
  3720 | D:4      | Noticed Dowan
  4034 | D:3      | You fall into a shaft and drop 3 floors!
  4148 | D:6      | Noticed an ice beast
  4168 | D:5      | Entered Level 5 of the Dungeon
  4287 | D:4      | Noticed Robin
  4332 | D:4      | Killed Robin
  4396 | D:4      | Reached skill level 7 in Spellcasting
  4471 | D:4      | Identified the +1 mace of the Mouth {spect, SInv}
  4478 | D:4      | Found Zin's Purification Station.
  4482 | D:4      | Found a glowing silver altar of Zin.
  4601 | D:4      | Reached XP level 7. HP: 39/39 MP: 8/19
  4655 | D:4      | Killed Dowan
  4769 | D:4      | Found a hide-covered altar of Uskayaw.
  5006 | D:4      | Killed Duvessa
  5204 | D:3      | Killed from afar by Grinder

Illustrated notes

Levels and vault maps discovered:
D:1:      tarquinn_simple_flora_water_d, layout_loops_corners,
          chequers_serial_rivers_small_b
D:2:      layout_basic
D:3:      layout_loops_ring, chequers_serial_rivers_micro_a,
          kennysheep_cross_bottleneck, minivault_19, minmay_misc_feat_five,
          uniq_grinder
D:4:      layout_basic, mainiacjoe_overflow_brackets, zin_purify,
          kennysheep_slug_shrine, uniq_duvessa, uniq_robin
D:5:      layout_layer_cave, vehumet_statue, kennysheep_generic_room_13
D:6:      layout_loops_cross

Skill      XL: |  1  2  3  4  5  6  7 |
---------------+----------------------+-----
Spellcasting   | 5 6 7 |  7.9
Fighting       | 1 2 |  2.1
Armour         | 1 |  1.0
Conjurations   | 2 3 |  3.8
Stealth        | 3 |  3.0
Dodging        | 3 |  3.0
Evocations     | 1 |  1.2
Air Magic      | 1 |  1.0
Earth Magic    | 1 2 |  2.5
Alchemy        | 1 |  1.0
Summonings     | |  1.1
Translocations | |  1.1

Action                     |  1- 3 |  4- 6 |  7- 9 || total
---------------------------+-------+-------+-------++-------
  Melee: Falchion          |    10 |    43 |       ||    53
         Punch             |       |     1 |     1 ||     2
         Mace              |       |    12 |    12 ||    24
   Cast: Magic Dart        |    94 |   120 |    16 ||   230
         Call Imp          |       |     3 |     2 ||     5
         Mephitic Cloud    |       |    14 |     5 ||    19
         Blink             |       |     2 |       ||     2
   Stab: Sleeping          |       |     1 |       ||     1
         Confused          |       |     8 |       ||     8
 Armour: Robe              |     6 |    31 |     3 ||    40
         Leather armour    |       |       |     3 ||     3
  Dodge: Dodged            |    19 |    49 |     5 ||    73

Table legend: (Time is in decaauts)
 A = Elapsed time spent in this place.
 B = Non-inter-level travel time spent in this place.
 C = Inter-level travel time spent in this place.
 D = Time resting spent in this place.
 E = Time spent auto-exploring this place.
 F = Levels seen in this place.
 G = Mean time per level.
                   A        B        C        D        E       F      G
               +--------+--------+--------+--------+--------+-----+--------+
         Total |   5228 |   5051 |    177 |    355 |   3843 |   6 |  871.3 |
       Dungeon |   5228 |   5051 |    177 |    355 |   3843 |   6 |  871.3 |
               +--------+--------+--------+--------+--------+-----+--------+

Top non-repeatable levels by time:
     D:1: 1396 daAuts
     D:4: 1344 daAuts
     D:2: 1195 daAuts
     D:3: 1045 daAuts
     D:6: 136 daAuts
     D:5: 109 daAuts
